Map: Dusk Towers

Players

Trunks

  • Race: Terran Terran
  • League: Diamond

박근혜 - Winner!

  • Race: Terran Terran
  • League: Diamond

VOD

Have the link to the VOD?

Description

Time

  • Played on: Dec. 9, 2015, 2:34 a.m.
  • Length: 13:19
Show
View Real Time Build Order
Export as new Build Order

Trunks Terran 

Build Orders: Reaper Expand, MMM Bio 

Get SALT Encoding   

  12  0:01  SCV  
  13  0:13  SCV  
  14  0:17  Supply Depot  
  14  0:25  SCV  
  15  0:39  SCV  
  15  0:41  Barracks  
  16  0:44  Refinery  
  16  0:51  SCV  
  17  1:03  SCV  
  18  1:15  SCV  
  19  1:27  Orbital Command  
  19  1:31  Reaper  
  20  1:44  Command Center  
  20  1:54  SCV  
  20  1:56  Supply Depot  
  21  2:03  Barracks Reactor  
  21  2:07  SCV  
  22  2:19  SCV  
  23  2:25  Factory  
  23  2:31  SCV  
  23  2:34  Refinery  
  24  2:41  Marine x2  
  24  2:43  SCV  
  27  2:47  Supply Depot  
  27  2:55  SCV  
  28  3:02  Marine x2  
  28  3:04  Orbital Command  
  29  3:11  Factory Tech Lab  
  29  3:12  Starport  
  29  3:15  SCV  
  30  3:20  Marine x2  
  32  3:29  SCV  
  36  3:34  Cyclone  
  36  3:38  SCV, Marine x2  
  36  3:41  SCV  
  40  3:50  SCV  
  40  3:53  SCV  
  40  3:55  Engineering Bay, Medivac  
  44  4:01  Barracks, Marine  
  44  4:02  SCV, Marine  
  47  4:04  Barracks  
  47  4:11  SCV  
  47  4:14  SCV  
  47  4:15  Supply Depot  
  49  4:19  Marine  
  49  4:23  SCV  
  51  4:26  SCV  
  51  4:27  Missile Turret  
  52  4:35  SCV, Starport Reactor  
  52  4:37  Siege Tank  
  52  4:38  SCV  
  57  4:39  Refinery  
  57  4:41  Marine x2  
  59  4:47  SCV  
  59  4:48  Supply Depot  
  59  4:49  Supply Depot  
  59  4:50  SCV, Barracks Tech Lab  
  59  4:52  Barracks Tech Lab  
  61  4:59  SCV  
  62  5:01  Supply Depot  
  62  5:09  SCV, Marine x2  
  62  5:11  SCV  
  66  5:14  Siege Tank  
  66  5:17  Stimpack, Marine x2  
  71  5:21  SCV  
  71  5:28  Terran Infantry Weapons Level 1  
  72  5:29  Command Center  
  72  5:38  Marine x3  
  72  5:42  Medivac  
  77  5:43  Marine  
  77  5:47  Supply Depot  
  78  5:53  Supply Depot  
  78  5:54  SCV x2  
  78  5:56  Marine x2  
  82  5:58  Refinery  
  82  5:59  Supply Depot, Marine  
  82  6:01  Supply Depot, Marine  
  84  6:04  Viking  
  84  6:11  Siege Tank  
  89  6:14  Marine x2  
  89  6:15  Viking  
  93  6:27  Combat Shields, Marine x2  
  93  6:30  SCV x2  
  97  6:33  Marine  
  97  6:34  Marine  
  99  6:42  SCV  
  99  6:45  Marauder  
  102  6:50  Supply Depot x2  
  102  6:55  Marine x2  
  102  6:56  Siege Tank  
  102  6:57  Viking x2  
  111  7:02  Supply Depot  
  111  7:04  Orbital Command  
  110  7:08  Marine  
  110  7:09  Marine  
  110  7:13  Marine  
  113  7:18  SCV x2  
  113  7:19  Marine  
  116  7:26  Marine  
  117  7:30  SCV  
  117  7:31  Terran Infantry Armor Level 1  
  117  7:33  Supply Depot, Marine x2  
  120  7:40  Marine  
  121  7:44  Marine  
  121  7:45  Missile Turret x2  
  121  7:47  Missile Turret  
  121  7:49  SCV  
  121  7:50  SCV x2  
  121  7:51  Marine x2  
  126  7:55  Supply Depot  
  126  7:56  Siege Tank  
  130  8:02  SCV, Supply Depot  
  130  8:03  Marine x2  
  133  8:07  Barracks  
  133  8:08  Marine  
  133  8:09  Barracks  
  134  8:18  Medivac x2  
  138  8:22  SCV x3  
  138  8:24  Refinery  
  138  8:25  Supply Depot  
  141  8:31  Engineering Bay  
  141  8:34  SCV x3  
  144  8:43  Marine x3  
  144  8:46  SCV  
  147  8:51  Marine  
  130  9:01  Marine x3  
  134  9:07  Armory  
  134  9:08  SCV x2  
  134  9:09  SCV, Marauder  
  138  9:14  Barracks Reactor x2  
  138  9:16  Medivac x2  
  140  9:18  Marine  
  141  9:28  Marine x2  
  141  9:30  Marine  
  144  9:32  SCV x2  
  144  9:36  Marine  
  147  9:45  Marine x2  
  147  9:46  SCV x3  
  147  9:48  Marine  
  153  9:52  Supply Depot  
  153  9:53  Supply Depot  
  153  9:58  SCV  
  154  10:06  Marine x2  
  154  10:07  Marauder x2, Marine x4  
  157  10:15  SCV x2, Terran Infantry Weapons Level 2, Terran Infantry Armor Level 2  
  159  10:24  Marine x4  
  159  10:27  Siege Tank  
  166  10:35  Command Center  
  166  10:45  Marine x6  
  166  10:46  Marine x2  
  169  10:59  Siege Tank  
  169  11:00  SCV x2  
  169  11:03  Refinery, Marine x7  
  169  11:04  Marine  
  182  11:05  Medivac x2  
  136  11:21  Marine x2  
  131  11:31  Siege Tank  
  123  11:34  Marine x2  
  123  11:35  Marine x3  
  123  11:36  Medivac x2  
  124  11:48  Planetary Fortress  
  124  11:49  Marine x2  
  124  11:50  Marine  
  124  11:52  Marine x3  
  124  11:53  Marauder  
  132  11:58  Marine  
  133  12:03  Factory, Barracks  
  133  12:07  Marine x2  
  133  12:08  Marauder  
  136  12:15  Marauder  
  138  12:22  Marine x4  
  139  12:28  Marine x2  
  139  12:29  Marauder  
  146  12:36  Marauder  
  148  12:40  Marine x3  
  137  12:48  Marine x3  
  137  12:51  Marauder  
  105  12:53  Marine  
  105  12:57  Marauder  
  105  12:58  Marine x3  
Show
View Real Time Build Order
Export as new Build Order

박근혜 Terran - Winner!

Build Orders: Bio Tank 

Get SALT Encoding   

  12  0:01  SCV  
  13  0:13  SCV  
  14  0:18  Supply Depot  
  14  0:25  SCV  
  15  0:39  SCV  
  15  0:41  Barracks  
  16  0:47  Refinery  
  16  0:51  SCV  
  17  1:04  SCV  
  18  1:16  SCV  
  19  1:20  Supply Depot  
  19  1:29  Marine, Orbital Command  
  20  1:52  Command Center  
  20  1:56  Marine  
  20  1:58  SCV  
  22  2:10  SCV  
  23  2:21  Marine  
  23  2:22  SCV  
  25  2:24  Factory  
  25  2:34  SCV  
  26  2:38  Marine  
  27  2:45  Refinery  
  27  2:46  SCV, Supply Depot  
  28  2:58  SCV  
  28  3:03  Barracks Tech Lab  
  29  3:06  Barracks Reactor  
  29  3:08  Factory Tech Lab, Starport  
  29  3:14  SCV  
  29  3:16  Orbital Command  
  30  3:34  SCV  
  31  3:35  Siege Tank  
  34  3:46  SCV  
  35  3:50  Marine x2  
  37  3:58  Viking  
  37  4:02  Supply Depot  
  39  4:12  Command Center  
  39  4:16  Barracks  
  39  4:17  Barracks  
  39  4:20  Siege Tank  
  44  4:24  SCV x2  
  44  4:46  SCV x2, Medivac  
  44  4:47  Barracks Tech Lab, Medivac  
  50  4:58  SCV x2  
  52  5:10  SCV x2  
  54  5:16  Barracks Reactor  
  54  5:17  Barracks Reactor  
  54  5:21  Barracks  
  54  5:26  Barracks  
  54  5:33  Marine  
  55  5:36  SCV  
  55  5:37  SCV x2  
  55  5:40  Stimpack  
  58  5:44  Medivac  
  58  5:49  SCV x2  
  63  5:51  Marine  
  63  5:54  Refinery x2  
  64  5:57  Supply Depot x2  
  64  5:59  Orbital Command  
  64  6:01  SCV x2, Engineering Bay x2  
  64  6:02  Supply Depot  
  65  6:09  Marine  
  65  6:10  Barracks Reactor  
  66  6:13  SCV  
  66  6:14  Barracks Reactor  
  67  6:27  Marine  
  67  6:31  Terran Infantry Weapons Level 1, Terran Infantry Armor Level 1  
  67  6:32  Supply Depot x2  
  68  6:33  Marine x4, Orbital Command  
  68  6:38  Viking  
  74  6:44  Marine  
  74  6:45  Barracks x2  
  74  6:46  Barracks  
  75  6:51  SCV x2, Marine  
  78  7:02  Siege Tank  
  78  7:03  SCV x3  
  84  7:18  Viking x2  
  88  7:26  Refinery, Marine x7  
  88  7:27  Marine x2  
  97  7:34  Siege Tank  
  100  7:39  Barracks Reactor x3  
  100  7:44  Marine x5  
  100  7:45  Marine x4  
  109  8:02  Refinery, Marine x4  
  109  8:05  Supply Depot x2  
  113  8:06  Supply Depot, Siege Tank, Marine  
  113  8:07  Supply Depot  
  113  8:08  Supply Depot  
  117  8:17  Combat Shields, Armory  
  117  8:26  Marine x8  
  128  8:27  SCV x3  
  128  8:32  Supply Depot x2  
  128  8:33  Supply Depot x2  
  128  8:39  SCV x3  
  131  8:50  Marine  
  131  8:51  Marine x7  
  131  8:52  Marine  
  130  9:02  SCV x3  
  124  9:04  Siege Tank  
  124  9:07  Marine x2  
  124  9:09  Medivac  
  135  9:11  Medivac  
  135  9:14  SCV x2  
  135  9:15  SCV  
  140  9:18  Terran Infantry Weapons Level 2  
  140  9:20  Terran Infantry Armor Level 2  
  136  9:26  Supply Depot, SCV  
  136  9:28  Supply Depot, Marine  
  136  9:29  Marine  
  139  9:33  Marine x2  
  139  9:34  Marine x5  
  139  9:36  Siege Tank  
  139  9:37  Marine x3  
  152  9:39  Medivac  
  154  10:12  Marine x3  
  154  10:13  Marine x6  
  163  10:20  Marine x5  
  163  10:21  Marine  
  169  10:26  Supply Depot x2  
  169  10:30  Supply Depot, Marine x4  
  169  10:31  Marine x5  
  178  10:38  Marine x6  
  181  10:49  Marine x3  
  183  10:50  Marine x5  
  183  10:51  Siege Tank  
  187  11:13  Marine  
  187  11:14  Marine x7  
  187  11:15  Marine x6  
  187  11:16  Marine  
  174  11:23  Siege Tank  
  171  11:31  Marine  
  171  11:32  Marine x6  
  169  11:38  Marine x5  
  175  11:55  Siege Tank  
  178  12:03  Command Center  
  178  12:12  Marine  
  178  12:13  Marine x7  
  178  12:14  Marine x2  
  192  12:15  Medivac  
  190  12:23  Marine x2  
  190  12:27  Siege Tank  
  195  12:37  Marine x5  
  198  12:49  Marine x7  
  198  12:50  Marine x2  
  153  12:55  Marine x5  
Tags
 
Add a new tag
Caveats
  • Supply blocks, unpowered buildings, or Contaminate may cause inaccurate times.
  • Supply counts are checked every 10 seconds.